 Dungeon Crawl Stone Soup version 0.27.1-33-g824d729ab1 (webtiles) character file.

Game seed: 9944511470369059941

36 zeram the Sneak (level 3, -10/24 HPs)
             Began as an Octopode Brigand on Dec 30, 2021.
             Mangled by a goblin (13 damage)
             ... led by Robin
             ... on level 2 of the Dungeon.
             The game lasted 00:01:33 (1450 turns).

zeram the Sneak (Octopode Brigand)                  Turns: 1450, Time: 00:01:35

Health: -10/24     AC:  1    Str: 10    XL:     3   Next: 37%
Magic:  3/3        EV: 12    Int: 14    God:
Gold:   60         SH:  0    Dex: 13    Spells: 2/2 levels left

rFire    . . .     SeeInvis .   a - +2 dagger
rCold    . . .     Faith    .   (no shield)
rNeg     . . .     Spirit   .   (helmet restricted)
rPois    .         Reflect  .   (no amulet)
rElec    .         Harm     .   (no ring)
rCorr    .         Rampage  .   (no ring)
Will     .....                  (no ring)
Stlth    ++++......             (no ring)
HPRegen  0.08/turn              (no ring)
MPRegen  0.08/turn              (no ring)
                                (no ring)
                                (no ring)

@: no status effects
A: almost no armour, amphibious, 8 rings, camouflage 1, gelatinous body 1,
(nimble swimmer 1), tentacles
a: no special abilities


You were on level 2 of the Dungeon.
You visited 1 branch of the dungeon, and saw 2 of its levels.

You collected 60 gold pieces.

Inventory:

Hand Weapons
 a - a +2 dagger (weapon)
Missiles
 b - 8 poisoned darts (quivered)
 c - 2 curare-tipped darts
Potions
 e - 2 potions of brilliance {unknown}
 f - a potion of curing {unknown}


   Skills:
 - Level 2.0 Fighting
 - Level 2.0 Short Blades
 - Level 2.0 Throwing
 - Level 1.0 Dodging
 * Level 7.0 Stealth


You had 2 spell levels left.
You didn't know any spells.
Your spell library was empty.

Dungeon Overview and Level Annotations

Branches:
Dungeon (2/15)

Altars:
Ru

Annotations:
D:2 Robin


Innate Abilities, Weirdness & Mutations

You cannot wear most types of armour.
You are amphibious.
You can wear up to eight rings at the same time.
Your skin changes colour to match your surroundings (Stealth+).
Your rubbery body absorbs attacks. (AC +1, EV +1)
((You are camouflaged near water. (Stealth+)))
You have tentacles for arms and can constrict up to eight enemies at once.


Message History

The goblin hits you with a +0 club.
Robin roars a battlecry!
The goblins go into a battle-frenzy!
You barely miss the hobgoblin. You grab the hobgoblin.
You squeeze the hobgoblin, but do no damage.
You constrict the hobgoblin. The hobgoblin closely misses you.
You hit the hobgoblin but do no damage.
The hobgoblin is heavily wounded.
You constrict the hobgoblin. The hobgoblin hits you.
You hit the hobgoblin.
The hobgoblin is almost dead.
You constrict the hobgoblin.
You kill the hobgoblin!
Your Stealth skill increases to level 7!
You barely miss the goblin. You grab the goblin. You constrict the goblin.
The goblin hits you with a +0 dagger.
You are too injured to fight recklessly!
You are too injured to fight recklessly!
You are too injured to fight recklessly!
You are too injured to fight recklessly!
You hit the goblin.
You kill the goblin!
You hit the goblin. Your grab misses the goblin.
The goblin is severely wounded.
The goblin hits you with a +0 dagger.
* * * LOW HITPOINT WARNING * * *
Unknown command.
You closely miss the goblin. Your grab misses the goblin.
The goblin is severely wounded.
The goblin misses you.
You hit the goblin.
You kill the goblin!
You aren't carrying any scrolls.
The goblin hits you with a +1 vampiric dagger.
* * * LOW HITPOINT WARNING * * *
The goblin hits you with a +1 dagger of electrocution.
* * * LOW HITPOINT WARNING * * *
You are electrocuted!
Ouch! That really hurt!
You die...

....####.......#####....#.
...#..##..................
...#...###.#######........
...##.<# #.## ##.###.._...
....#### #.##. #..# ....
##.....# #.##.###.## ..
##.....###.##.....## .####
....##..##.####.gg.#
...... #..........# ##@#.#
#...# #......#...#
#.#)###..### #...⌠..#.#.#
#.#.g......# #......#.#.#
#.###g).##..# #......#.#.#
#.# #g#.# #...#....#.. ...
...>g# #..###.#####
#.###.#..g. #..# .. ..#
..#..#.. .###.....


You could see 2 goblins.

Vanquished Creatures
  2 dart slugs (D:1)
  A bat (D:1)
  4 endoplasms
  2 giant cockroaches
  5 goblins
  5 hobgoblins
  3 ball pythons (D:1)
  4 frilled lizards (D:1)
  2 kobolds (D:1)
  A rat (D:1)
29 creatures vanquished.

Notes
Turn   | Place    | Note
-------+----------+-------------------------------------------
     0 | D:1      | zeram the Octopode Brigand began the quest for the Orb.
     0 | D:1      | Reached XP level 1. HP: 14/14 MP: 1/1
   437 | D:1      | Reached skill level 6 in Stealth
   437 | D:1      | Reached XP level 2. HP: 15/19 MP: 2/2
   984 | D:1      | Reached XP level 3. HP: 24/24 MP: 3/3
  1419 | D:2      | Found a sacrificial altar of Ru.
  1432 | D:2      | Noticed Robin
  1442 | D:2      | Reached skill level 7 in Stealth
  1450 | D:2      | Mangled by a goblin

Illustrated notes

Levels and vault maps discovered:
D:1:      lemuel_arrival_cross, layout_basic
D:2:      layout_rooms, basic_altar, nrook_campfire, grunt_ministairs_6,
          solitary_fountain, kennysheep_generic_room_16, uniq_robin,
          uniq_sigmund

Skill      XL: |  1  2  3 |
---------------+----------+-----
Stealth        | 6 7 |  7.0
Fighting       | |  2.0
Short Blades   | |  2.0
Throwing       | |  2.0
Dodging        | |  1.0

Action                   || total
-------------------------++-------
Melee: Dagger            ||    50
       Constrict         ||     9
       Tentacles         ||     6
  Use: Scroll            ||     1
 Stab: Sleeping          ||    12
Dodge: Dodged            ||    22
